 Dungeon Crawl Stone Soup version 0.27.0-1-g7a089689b8 (webtiles) character file.

Game seed: 10993750450331491876

2912 horus123 the Destroyer (level 9, -16/46 HPs)
             Began as a Deep Elf Conjurer on Aug 11, 2021.
             Was an Initiate of Kikubaaqudgha.
             Hit by a large rock thrown by a cyclops (33 damage)
             ... on level 7 of the Dungeon.
             The game lasted 00:21:48 (8329 turns).

horus123 the Destroyer (Deep Elf Conjurer)          Turns: 8329, Time: 00:21:49

Health: -16/46     AC:  5    Str:  4    XL:     9   Next: 49%
Magic:  16/24      EV: 14    Int: 27    God:    Kikubaaqudgha [......]
Gold:   1162       SH:  0    Dex: 19    Spells: 4/27 levels left

rFire    . . .     SeeInvis .   d - staff of death
rCold    . . .     Faith    .   (no shield)
rNeg     + + .     Spirit   .   a - +2 robe
rPois    .         Reflect  .   (no helmet)
rElec    .         Harm     .   (no cloak)
rCorr    .         Rampage  .   (no gloves)
Will     .....                  l - +0 pair of boots
Stlth    +++.......             (no amulet)
HPRegen  0.15/turn              h - ring of positive energy
MPRegen  0.19/turn              f - +6 ring of dexterity

@: no status effects
A: no striking features
a: Renounce Religion


You were on level 7 of the Dungeon.
You worshipped Kikubaaqudgha.
Kikubaaqudgha was noncommittal.
You visited 2 branches of the dungeon, and saw 8 of its levels.

You collected 1162 gold pieces.

Inventory:

Armour
 a - a +2 robe (worn)
 l - a +0 pair of boots (worn)
Magical Staves
 d - a staff of death (weapon)
Jewellery
 f - a +6 ring of dexterity (right hand)
 h - a ring of positive energy (left hand)
 s - a +6 ring of strength
 t - a ring of protection from cold
Wands
 n - a wand of digging (12)
 r - a wand of flame (21)
Potions
 b - 2 potions of flight
 c - 3 potions of ambrosia
 e - 2 potions of mutation
 g - 3 potions of cancellation {unknown}
 i - a potion of resistance {unknown}
 j - a potion of haste
 k - 2 potions of curing
 m - a potion of heal wounds {unknown}
 o - 2 potions of brilliance {unknown}
 p - 3 potions of berserk rage {unknown}
 q - a potion of lignification {unknown}
 u - 2 potions of magic {unknown}


   Skills:
 + Level 0.7 Fighting
 + Level 3.5 Dodging
 + Level 4.3 Stealth
 + Level 9.7 Spellcasting
 * Level 11.0 Conjurations
 + Level 3.2 Hexes
 * Level 4.1 Earth Magic


You had 4 spell levels left.
You knew the following spells:

 Your Spells              Type           Power      Damage    Failure   Level
a - Magic Dart            Conj           100%       1d8       1%          1
b - Searing Ray           Conj           100%       3d7       1%          2
c - Dazzling Flash        Conj/Hex       100%       N/A       1%          3
d - Fulminant Prism       Conj/Hex       25%        3d14      2%          4
e - Iron Shot             Conj/Erth      26%        9d6       30%         6
f - Orb of Destruction    Conj           32%        9d12      38%         7

Your spell library contained the following spells:

 Spells                   Type           Power      Damage    Failure   Level
 Slow                     Hex            30%        N/A       1%          2
 Confusing Touch          Hex            30%        N/A       3%          3
 Iskenderun's Mystic Bla  Conj/Tloc      42%        2d10      4%          4
 Summon Guardian Golem    Hex/Summ       21%        N/A       7%          3
 Ozocubu's Armour         Ice            13%        N/A       13%         3
 Iskenderun's Battlesphe  Conj           64%        2d11      1%          5
 Yara's Violent Unravell  Hex/Tmut       10%        3d6       54%         5
 Spellforged Servitor     Conj/Summ      21%        N/A       98%         7
 Ozocubu's Refrigeration  Ice            6%         4d6       100%        7


Dungeon Overview and Level Annotations

Branches:
Dungeon (7/15)             Temple (1/1) D:4

Altars:
Ashenzari
Cheibriados
Dithmenos
Elyvilon
Fedhas
Gozag
Hepliaklqana
Kikubaaqudgha
Makhleb
Nemelex Xobeh
Okawaru
Qazlal
Ru
Sif Muna
Trog
Uskayaw
Wu Jian
Xom
Yredelemnul
Zin


Message History

(Press . to maintain the ray.)
The searing ray hits the phantom!
The phantom is almost destroyed.
The searing ray hits the phantom!
You destroy the phantom!
Kikubaaqudgha accepts your kill.
A cyclops is nearby!
The magic dart hits the cyclops.
The cyclops is lightly wounded.
The cyclops throws a large rock.
The large rock hits you!
Casting: Magic Dart (safe; 1% risk of failure)
Confirm with . or Enter, or press ? or * to list all spells.
Aiming: Fulminant Prism (dangerous; 2% risk of failure)
Press: ? - help, Dir - move target, p - cyclops
Okay, then.
Casting: Fulminant Prism (dangerous; 2% risk of failure)
Confirm with . or Enter, or press ? or * to list all spells.
Aiming: Fulminant Prism (dangerous; 2% risk of failure)
Press: ? - help, Dir - move target, p - cyclops You conjure a prism of explosive energy!
A fulminant prism comes into view.
The cyclops throws a large rock.
The large rock hits you!!
Ouch! That really hurt!
* * * LOW HITPOINT WARNING * * *
You feel better.
Your fulminant prism crackles loudly.
You are too injured to fight recklessly!
Aiming: Magic Dart (safe; 1% risk of failure)
Press: ? - help, Q - select action, (/) - cycle Shift-Dir - straight line, f - cyclops
Aim: a cyclops, quivering large rocks (lightly wounded, ally target, 100% to hit)
The magic dart hits the cyclops but does no damage.
The cyclops is lightly wounded.
Your fulminant prism explodes!
The blast of energy engulfs the cyclops!
The cyclops is moderately wounded.
You hear an angry hiss.
The cyclops throws a large rock.
The large rock hits you!!
Ouch! That really hurt!
You die...
Kikubaaqudgha rasps: "You have failed me!
Welcome... death!"

.............#
.............#
.............# #... #.
...........?# #....#.#
....<......### #....#..
.............###.....#.##
..C..................#...
.....................##..
.......#@................
......##..............(..
###### #...........)).#..
#....).......#.#..
######...)..()......#..
.......)..........###.#
..................# #..
...........######## ###
..........[# ##


You could see a cyclops.

Vanquished Creatures
  Pikel (D:6)
  Joseph (D:7)
  Sigmund (D:4)
  Menkaure (D:4)
  An orc warrior (D:7)
  A sky beast (D:6)
  An ice beast (D:4)
  2 necrophages (D:5)
  A black bear (D:6)
  3 ogres
  A phantom (D:7)
  3 lemures (D:6)
  2 kobold brigands (D:7)
  2 bullfrogs (D:6)
  A wyvern zombie (D:7)
  A water moccasin zombie (D:6)
  A water moccasin skeleton (D:6)
  A howler monkey (D:5)
  2 orc priests
  2 hounds
  2 iguanas
  Ijyb (D:4)
  Terence (D:2)
  A scorpion zombie (D:5)
  Natasha (thrice) (D:2)
  An orc wizard (D:4)
  4 gnolls (D:2)
  2 adders
  An adder zombie (D:5)
  3 adder skeletons (D:4)
  2 worms
  A dart slug (D:3)
  6 orcs
  3 bats
  4 endoplasms
  4 giant cockroaches
  11 goblins
  5 hobgoblins
  16 jackals
  11 kobolds
  4 quokkas
  3 ball pythons
  A frilled lizard (D:1)
  A quokka skeleton (D:4)
  4 rats
124 creatures vanquished.

Vanquished Creatures (others)
  11 fulminant prisms
11 creatures vanquished.

Grand Total: 135 creatures vanquished

Notes
Turn   | Place    | Note
-------+----------+-------------------------------------------
     0 | D:1      | horus123 the Deep Elf Conjurer began the quest for the Orb.
     0 | D:1      | Reached XP level 1. HP: 10/10 MP: 6/6
   152 | D:1      | Reached XP level 2. HP: 15/15 MP: 5/8
   338 | D:1      | Found a faded altar of an unknown god.
   342 | D:1      | Learned a level 2 spell: Searing Ray
   357 | D:1      | Reached skill level 5 in Conjurations
   793 | D:1      | Identified a scroll of acquirement
   793 | D:1      | Acquired 849 gold pieces
   826 | D:1      | Reached XP level 3. HP: 19/19 MP: 6/9
   909 | D:1      | Learned a level 3 spell: Dazzling Flash
  1136 | D:2      | Noticed Natasha
  1148 | D:2      | Killed Natasha
  1149 | D:2      | Reached XP level 4. HP: 24/24 MP: 2/11
  1453 | D:2      | Reached skill level 6 in Conjurations
  1654 | D:2      | Noticed Natasha
  1657 | D:2      | Killed Natasha
  1699 | D:2      | Learned a level 4 spell: Fulminant Prism
  1961 | D:2      | Noticed Natasha
  1968 | D:2      | Killed Natasha
  2077 | D:2      | Reached XP level 5. HP: 28/28 MP: 8/13
  2299 | D:2      | Noticed Terence
  2307 | D:2      | Killed Terence
  2308 | D:2      | Reached skill level 1 in Hexes
  3100 | D:3      | Found a broken altar of Ashenzari.
  3203 | D:3      | Found a shimmering altar of Xom.
  3327 | D:4      | Noticed an ogre
  3333 | D:4      | Killed an ogre
  3334 | D:4      | Reached skill level 7 in Conjurations
  3334 | D:4      | Reached XP level 6. HP: 32/32 MP: 6/15
  3509 | D:4      | Reached skill level 5 in Spellcasting
  3743 | D:4      | Noticed Ijyb
  3752 | D:4      | Killed Ijyb
  3877 | D:4      | Noticed an ice beast
  3890 | D:4      | Killed an ice beast
  3891 | D:4      | Reached XP level 7. HP: 21/36 MP: 7/17
  4036 | D:4      | Learned a level 6 spell: Iron Shot
  4039 | D:4      | Noticed Sigmund
  4046 | D:4      | Killed Sigmund
  4047 | D:4      | Reached skill level 8 in Conjurations
  4560 | D:4      | Found a staircase to the Ecumenical Temple.
  4569 | Temple   | Entered the Ecumenical Temple
  4920 | Temple   | Became a worshipper of Kikubaaqudgha
  4971 | D:5      | Entered Level 5 of the Dungeon
  5022 | D:4      | Noticed Menkaure
  5027 | D:4      | Killed Menkaure
  5028 | D:4      | Reached skill level 1 in Earth Magic
  5470 | D:5      | Found a snail-covered altar of Cheibriados.
  5494 | D:5      | Reached XP level 8. HP: 41/41 MP: 14/20
  5534 | D:5      | Learned a level 3 spell: Summon Guardian Golem
  5756 | D:5      | Reached skill level 9 in Conjurations
  6205 | D:5      | Identified the +3 leather armour "Ushrugheo" {Rampage
                  | *Corrode rC+ Str+3}
  6766 | D:6      | Found a blossoming altar of Fedhas.
  6768 | D:6      | Found a hide-covered altar of Uskayaw.
  6768 | D:6      | Found a glowing silver altar of Zin.
  6768 | D:6      | Found a white marble altar of Elyvilon.
  6769 | D:6      | Found a shadowy altar of Dithmenos.
  6770 | D:6      | Found a shimmering blue altar of Sif Muna.
  6770 | D:6      | Found an opulent altar of Gozag.
  6771 | D:6      | Found a sacrificial altar of Ru.
  6903 | D:6      | Noticed Pikel
  6904 | D:6      | Identified the +1 chain mail of Noughts and Crosses {rN+
                  | Int+3}
  6917 | D:6      | Killed Pikel
  6918 | D:6      | Reached skill level 10 in Conjurations
  6918 | D:6      | Reached XP level 9. HP: 12/46 MP: 7/23
  7010 | D:6      | Learned a level 7 spell: Orb of Destruction
  7752 | D:7      | Noticed a cyclops
  7752 | D:7      | Noticed Joseph
  7788 | D:7      | Killed Joseph
  8156 | D:7      | Reached skill level 11 in Conjurations
  8329 | D:7      | Hit by a large rock thrown by a cyclops

Illustrated notes

Levels and vault maps discovered:
D:1:      amcnicky_arrival_gap_in_the_tavern_cellar, layout_basic,
          basic_ecumenical_altar
D:2:      kennysheep_big_flooded_room, layout_basic, roderic_nine_men_s_morris,
          uniq_natasha, uniq_terence
D:3:      layout_loops_ring, mainiacjoe_overflow_alcove_1,
          cheibrodos_ashenzari_chains, minmay_misc_feat_doors,
          grunt_ministairs_8
D:4:      layout_gridville, minmay_temple_entry_poolview, uniq_menkaure,
          uniq_ijyb, uniq_sigmund
D:5:      layout_layer_cave, mainiacjoe_overflow_concentric_impassable,
          nrook_mini_vaults
D:6:      layout_basic, grunt_temple_overflow_open, uniq_pikel
D:7:      layout_basic, supply_closet_lemuel, uniq_joseph
Temple:   compressed_dpeg_triangle_lava_temple

Skill      XL: |  1  2  3  4  5  6  7  8  9 |
---------------+----------------------------+-----
Conjurations   | 5 6 7 8 10 11 | 11.0
Spellcasting   | 4 5 6 8 9 |  9.7
Stealth        | 3 4 |  4.3
Hexes          | 1 2 3 |  3.2
Earth Magic    | 2 3 4 |  4.1
Dodging        | 3 |  3.5
Fighting       | |  0.7

Action                   |  1- 3 |  4- 6 |  7- 9 || total
-------------------------+-------+-------+-------++-------
 Cast: Magic Dart        |    50 |   100 |   103 ||   253
       Searing Ray       |     1 |    11 |    17 ||    29
       Fulminant Prism   |       |     1 |    10 ||    11
  Use: Scroll            |     5 |     4 |     6 ||    15
       Potion            |       |       |     4 ||     4
Armor: Robe              |     3 |       |     7 ||    10
Dodge: Dodged            |     4 |    13 |    19 ||    36
